 Dungeon Crawl Stone Soup version 0.21-a0-401-g0b6bec4 (webtiles) character file.

14 slep the Covered (level 2, 0/19 HPs)
             Began as a Demonspawn Wanderer on Oct 21, 2017.
             Killed from afar by an orc wizard (3 damage)
             ... with a magic dart
             ... on level 1 of the Dungeon.
             The game lasted 00:07:49 (1221 turns).

slep the Covered (Demonspawn Wanderer)              Turns: 1221, Time: 00:07:50

Health: 0/19       AC:  9    Str: 13    XL:     2   Next: 31%
Magic:  2/2        EV:  1    Int: 12    God:
Gold:   21         SH: 15    Dex: 12    Spells: 1/1 levels left

rFire    + . .     SeeInvis .   g - -2 dagger (curse)
rCold    + . .     Gourm    .   o - +0 large shield
rNeg     . . .     Faith    .   j - +0 chain mail (curse)
rPois    +         Spirit   .   (no helmet)
rElec    +         Reflect  +   (no cloak)
rCorr    +         Harm     .   (no gloves)
MR       .....     Rnd*Tele +   (no boots)
Stlth    ..........             e - +4 amulet of reflection
HPRegen  0.06/turn              h - ring of teleportation (curse)
MPRegen  0.08/turn              (no ring)

@: resistant
A: claws 1
a: no special abilities


You were on level 1 of the Dungeon.
You were very hungry.

You visited 1 branch of the dungeon, and saw 2 of its levels.

You collected 21 gold pieces.

Inventory:

Hand Weapons
 a - a +2 hand crossbow
 g - a cursed -2 dagger (weapon)
Missiles
 b - 27 bolts
Armour
 d - a +0 ring mail
 j - a cursed +0 chain mail (worn)
 o - a +0 large shield (worn)
Jewellery
 e - a +4 amulet of reflection (around neck)
 h - a cursed ring of teleportation (left claw)
Scrolls
 i - 3 scrolls of fear {unknown}
 k - 3 scrolls of identify {unknown}
Books
 c - the Papyrus of Earth

   Spells                             Type                      Level
   a - Sandblast                      Earth                        1
   b - Stone Arrow                    Conjuration/Earth            3
Comestibles
 f - 2 bread rations
 m - 3 fruits


   Skills:
 + Level 1.8 Crossbows
 + Level 3.1 Armour
 + Level 0.4 Dodging
 + Level 1.1 Stealth
 + Level 1.0 Shields
 + Level 0.3 Unarmed Combat
   Level 1.0 Charms
   Level 2.1 Necromancy


You had one spell level left.
You didn't know any spells.

Dungeon Overview and Level Annotations

Branches:
Dungeon (2/15)

Altars:


Innate Abilities, Weirdness & Mutations

You have sharp fingernails.


Message History

The orc wizard hits you but does no damage.
The rat bites you but does no damage.
You closely miss the orc wizard.
The orc wizard gestures at you while chanting.
The puff of flame reflects off an invisible shield around you!
The puff of flame hits the orc wizard.
You block the rat's attack.
You closely miss the orc wizard.
The orc wizard is heavily wounded.
The orc wizard casts a spell.
The orc wizard seems to speed up.
The rat bites you but does no damage.
You hit the orc wizard but do no damage.
The orc wizard is heavily wounded.
You block the orc wizard's attack. The rat bites you.
* * * LOW HITPOINT WARNING * * *
You aren't carrying any potions.
Your chain mail prevents you from hitting the orc wizard.
The orc wizard is heavily wounded.
The orc wizard casts a spell at you. The magic dart hits you!
You die...

#########
##.......#
#........#
#........# ####
#.....####
...###.....###
.#...........#
##...........#####
##...........'.o@#
#.###........###r#
.###.........# #.#
###....####### #.#
##.....# ####'###
###....# #......#
.###...# #......#
#.###..# #......#
##.....# #.(....#


You could see an orc wizard and a rat.

Vanquished Creatures
  A leopard gecko (D:1)
  An orc (D:1)
  A giant cockroach (D:1)
  A goblin (D:1)
  2 hobgoblins (D:1)
  A kobold (D:1)
  2 bats (D:1)
  2 frilled lizards (D:1)
  A rat (D:1)
12 creatures vanquished.

Notes
Turn   | Place    | Note
-------+----------+-------------------------------------------
     0 | D:1      | slep the Demonspawn Wanderer began the quest for the Orb.
     0 | D:1      | slep set off with: a +2 hand crossbow, 27 bolts, the Papyrus of Earth, a +0 ring mail, a bread ration
     0 | D:1      | Reached XP level 1. HP: 13/13 MP: 1/1
   156 | D:1      | Reached skill level 3 in Armour
   409 | D:1      | Gained mutation: You have sharp fingernails. [demonic ancestry]
   409 | D:1      | Reached XP level 2. HP: 12/19 MP: 2/2
  1221 | D:1      | Killed from afar by an orc wizard

Vault maps used:
D:1:      roderic_crossed_star
D:2:      regret_index_temple_of_mockery, grunt_dithmenos_smoke, first_bread,
          uniq_robin

Skill      XL: |  1 |
---------------+----+-----
Armour         | 3 |  3.1
Crossbows      | |  1.8
Dodging        | |  0.4
Stealth        | |  1.1
Shields        | |  1.0
Unarmed Combat | |  0.3
Charms         | |  1.0
Necromancy     | |  2.1

Action                   || total
-------------------------++-------
Melee: Dagger            ||    92
       Unarmed           ||    29
  Use: Potion            ||     3
Armor: Ring mail         ||    28
       Chain mail        ||    47
Dodge: Dodged            ||    40
Block: Other             ||    17
       Reflection        ||     7
       Large shield      ||    51

Table legend:
 A = Spawn XP
 B = Non-spawn XP
 C = Spawn XP percentage of total XP
 D = Spawn monster count
 E = Non-spawn monster count
 F = Spawn count percentage of total count
 G = Total turns spent on level
                    A         B        C        D         E        F      G
               +---------+---------+-------+---------+---------+-------+---------
         Total |       0 |      21 |   0.0 |       0 |      12 |   0.0 |  1221
               +---------+---------+-------+---------+---------+-------+---------
           D:1 |       0 |      21 |   0.0 |       0 |      12 |   0.0 |  1213
               +---------+---------+-------+---------+---------+-------+---------
